 Dungeon Crawl Stone Soup version 0.26-a0-1026-g544776af23 (webtiles) character file.

Game seed: 4340047281000675256

525 pablito the Sneak (level 7, -2/43 HPs)
             Began as an Octopode Transmuter on Dec 10, 2020.
             Slain by an ice beast (12 damage)
             ... on level 5 of the Dungeon.
             The game lasted 00:09:03 (5048 turns).

pablito the Sneak (Octopode Transmuter)             Turns: 5048, Time: 00:09:04

Health: -2/43      AC:  1    Str:  9    XL:     7   Next: 22%
Magic:  19/19      EV: 13    Int: 16    God:
Gold:   342        SH:  0    Dex: 14    Spells: 2/10 levels left

rFire    . . .     SeeInvis +     - Unarmed
rCold    . . .     Faith    .   (no shield)
rNeg     . . .     Spirit   .   (helmet restricted)
rPois    .         Reflect  .   (no amulet)
rElec    .         Harm     .   h - +4 ring of slaying
rCorr    .         Rampage  .   m - ring of magical power
Will     .....                  v - ring of see invisible
Stlth    ++++......             (no ring)
HPRegen  0.14/turn              (no ring)
MPRegen  0.16/turn              (no ring)
                                (no ring)
                                (no ring)

@: no status effects
A: almost no armour, stealthy swim, amphibious, 8 rings, constrict 8, camouflage
1, gelatinous body 1
a: no special abilities


You were on level 5 of the Dungeon.
You visited 1 branch of the dungeon, and saw 6 of its levels.

You collected 342 gold pieces.

Inventory:

Jewellery
 h - a +4 ring of slaying (left tentacle)
 m - a ring of magical power (right tentacle)
 v - a ring of see invisible (on tentacle)
Wands
 j - a wand of random effects (13)
 o - a wand of paralysis (11)
Scrolls
 d - 4 scrolls of enchant weapon {unknown}
 e - a scroll of enchant armour {unknown}
 g - 5 scrolls of identify {unknown}
 k - 2 scrolls of amnesia {unknown}
 n - a scroll of torment {unknown}
 p - a scroll of fear {unknown}
 q - 4 scrolls of remove curse {unknown}
 r - a scroll of random uselessness {unknown}
 s - a scroll of immolation {unknown}
 u - 2 scrolls of teleportation {unknown}
Potions
 a - 2 potions of resistance {unknown}
 b - a potion of attraction {unknown}
 c - 5 potions of curing
 f - 3 potions of flight {unknown}
 i - 3 potions of haste {unknown}
 l - a potion of magic {unknown}
 t - a potion of might {unknown}
 w - a potion of heal wounds {unknown}


   Skills:
 - Level 1.2 Fighting
 - Level 2.1 Dodging
 + Level 5.2 Stealth
 + Level 4.9 Unarmed Combat
 + Level 2.4 Spellcasting
 + Level 0.8 Translocations
 + Level 4.4 Transmutations
 + Level 1.2 Poison Magic


You had 2 spell levels left.
You knew the following spells:

 Your Spells              Type           Power        Failure   Level
a - Beastly Appendage     Tmut           ###...       3%          1
b - Wereblood             Tmut           ###.....     4%          2
c - Spider Form           Tmut/Pois      ##........   19%         3
d - Blink                 Tloc           N/A          22%         2

Your spell library contained the following spells:

 Spells                   Type           Power        Failure   Level
 Magic Dart               Conj           #...         21%         1
 Call Imp                 Summ           #.......     30%         2
 Slow                     Hex            #.......     30%         2
 Mephitic Cloud           Conj/Pois/Air  #.......     45%         3
 Conjure Flame            Conj/Fire      #.......     52%         3
 Ice Form                 Ice/Tmut       #.......     61%         4
 Blade Hands              Tmut           ###.......   65%         5


Dungeon Overview and Level Annotations

Branches:
Dungeon (6/15)
 Temple: D:4-7

Altars:
Ashenzari
Cheibriados


Innate Abilities, Weirdness & Mutations

You cannot wear most types of armour.
You are very stealthy in the water. (Stealth+)
You are amphibious.
You can wear up to eight rings at the same time.
You can use your tentacles to constrict eight enemies at once.
Your skin changes colour to match your surroundings (Stealth+).
Your rubbery body absorbs attacks. (AC +1, EV +1)


Message History

The ice beast is moderately wounded.
You barely miss the ice beast.
The ice beast is moderately wounded.
The ice beast hits you. The ice beast freezes you!
You are too injured to fight recklessly!
You are too injured to fight recklessly!
You hit the ice beast.
The ice beast is moderately wounded.
The ice beast hits you. The ice beast freezes you.
You bite the ice beast!
The ice beast is almost dead.
Your transformation has ended.
The ice beast hits you. The ice beast freezes you!
You closely miss the ice beast.
Your tentacle-slap misses the ice beast.
The ice beast is almost dead.
The ice beast looks more healthy.
The ice beast hits you.
* * * LOW HITPOINT WARNING * * *
The ice beast freezes you!
You die...

#..........######...#
#................. #
#..........#######
####...###.# #.).#
#.# #...# #.# ##.##
#.# ####.####)##
......>@Y..#
####.####†.# #.# #..#
..... ##.### .. .##
#.


You could see an ice beast.

Vanquished Creatures
  A phantom (D:4)
  A scorpion (D:2)
  4 orc wizards
  2 worker ants
  A hound zombie (D:5)
  A howler monkey zombie (D:5)
  11 adders
  2 worms (D:2)
  3 dart slugs
  5 leopard geckos
  18 orcs
  5 bats
  3 giant cockroaches
  10 goblins
  6 hobgoblins
  3 jackals (D:4)
  3 kobolds
  2 quokkas (D:5)
  3 frilled lizards (D:2)
  12 rats
96 creatures vanquished.

Notes
Turn   | Place    | Note
-------+----------+-------------------------------------------
     0 | D:1      | pablito the Octopode Transmuter began the quest for the
                  | Orb.
     0 | D:1      | Reached XP level 1. HP: 13/13 MP: 3/3
   109 | D:1      | Found a broken altar of Ashenzari.
   243 | D:1      | Reached XP level 2. HP: 16/18 MP: 3/5
   923 | D:1      | Reached skill level 1 in Stealth
   923 | D:1      | Reached XP level 3. HP: 23/23 MP: 4/6
  1368 | D:2      | Noticed a scorpion
  1375 | D:2      | Killed a scorpion
  1376 | D:2      | Reached skill level 2 in Stealth
  1376 | D:2      | Reached XP level 4. HP: 15/28 MP: 5/7
  1624 | D:2      | Reached skill level 3 in Stealth
  1624 | D:2      | Reached XP level 5. HP: 25/33 MP: 5/8
  2409 | D:3      | Learned a level 2 spell: Wereblood
  2467 | D:3      | You fall into a shaft and drop 3 floors!
  2479 | D:5      | Entered Level 5 of the Dungeon
  3142 | D:3      | Reached skill level 4 in Stealth
  3142 | D:3      | Reached XP level 6. HP: 32/38 MP: 9/9
  3746 | D:3      | Found a faded altar of an unknown god.
  3842 | D:4      | Found a snail-covered altar of Cheibriados.
  4336 | D:4      | Learned a level 3 spell: Spider Form
  4339 | D:4      | Learned a level 2 spell: Blink
  4372 | D:4      | Noticed a phantom
  4400 | D:4      | Killed a phantom
  4401 | D:4      | Reached skill level 5 in Stealth
  4401 | D:4      | Reached XP level 7. HP: 12/43 MP: 10/10
  4822 | D:4      | Reached skill level 1 in Poison Magic
  5048 | D:5      | Slain by an ice beast

Illustrated notes

Levels and vault maps discovered:
D:1:      nzn_arrival_water_spiral, layout_loops_ring,
          nicolae_ashenzari_panopticon
D:2:      layout_rooms, kennysheep_generic_room_9
D:3:      layout_loops_ring, chequers_ecumenical_altar_lobes
D:4:      layout_basic, cheibriados_altar_1
D:5:      minmay_chambers_of_threes, layout_loops_ring
D:6:      layout_cave_pools, bh_walls_and_bars

Skill      XL: |  1  2  3  4  5  6  7 |
---------------+----------------------+-----
Stealth        | 1 2 3 4 5 |  5.2
Transmutations | 3 4 |  4.4
Unarmed Combat | 4 |  4.9
Poison Magic   | 1 |  1.2
Fighting       | |  1.2
Dodging        | |  2.1
Spellcasting   | |  2.4
Translocations | |  0.8

Action                   |  1- 3 |  4- 6 |  7- 9 || total
-------------------------+-------+-------+-------++-------
Melee: Unarmed           |    56 |    93 |    38 ||   187
       Kick              |    16 |    20 |       ||    36
       Constrict         |    17 |    30 |       ||    47
       Tentacles         |     9 |    17 |       ||    26
       Punch             |     1 |     4 |       ||     5
 Cast: Beastly Appendage |    20 |    34 |     1 ||    55
       Spider Form       |       |       |     4 ||     4
  Use: Potion            |     1 |       |       ||     1
 Stab: Sleeping          |     3 |    18 |       ||    21
       Distracted        |       |     2 |       ||     2
Armor: Skin              |     4 |     2 |     3 ||     9
Dodge: Dodged            |    43 |    36 |    28 ||   107

Table legend: (Time is in decaauts)
 A = Elapsed time spent in this place.
 B = Non-inter-level travel time spent in this place.
 C = Inter-level travel time spent in this place.
 D = Time resting spent in this place.
 E = Time spent auto-exploring this place.
 F = Levels seen in this place.
 G = Mean time per level.
                   A        B        C        D        E       F      G
               +--------+--------+--------+--------+--------+-----+--------+
         Total |   5034 |   4919 |    115 |     39 |   4174 |   6 |  839.0 |
       Dungeon |   5034 |   4919 |    115 |     39 |   4174 |   6 |  839.0 |
               +--------+--------+--------+--------+--------+-----+--------+

Top non-repeatable levels by time:
     D:1: 1161 daAuts
     D:4: 1144 daAuts
     D:2: 1073 daAuts
     D:3: 1067 daAuts
     D:5: 576 daAuts
     D:6: 11 daAuts
